 Dungeon Crawl Stone Soup version 0.31.0-32-g396128a36d (webtiles) character file.

Game seed: 7915384634606993200

9020 booth the Fighter (level 11, 0/89 HPs)
             Began as a Gnoll Wanderer on Mar 20, 2024.
             Was an Elder of Okawaru.
             Slain by a large slime creature (16 damage)
             ... on level 10 of the Dungeon on Mar 21, 2024.
             The game lasted 01:13:01 (12207 turns).

booth the Fighter (Gnoll Wanderer)                 Turns: 12207, Time: 01:13:01

Health: 0/89       AC: 17    Str: 17    XL:     11   Next: 40%
Magic:  20/20      EV: 10    Int:  8    God:    Okawaru [****..]
Gold:   470        SH:  5    Dex: 14    Spells: 23/23 levels left

rFire   + + .        E - +1 morningstar (heavy)
rCold   + + .        f - +0 buckler
rNeg    . . .        m - +4 chain mail {rF+}
rPois   .            l - +1 helmet
rElec   .            H - scarf {rC+ rF+}
rCorr   .            (no gloves)
SInv    .            (no boots)
Will    .....        (no amulet)
Stlth   +            I - ring of protection from cold
HPRegen 0.34/turn    (no ring)
MPRegen 0.17/turn

%: no passive effects
@: no status effects
A: fangs 1, strong nose, distributed training
a: Renounce Religion, Heroism, Finesse


You were on level 10 of the Dungeon.
You worshipped Okawaru.
Okawaru was greatly pleased with you.
You visited 1 branch of the dungeon, and saw 10 of its levels.

You collected 592 gold pieces.
You spent 122 gold pieces at shops.

Inventory:

Hand Weapons
 a - a +2 sling of freezing
 b - a +1 mace
 g - a +1 whip of electrocution
 u - a +0 arbalest
 A - a +0 orcbow
 E - a +1 heavy morningstar (weapon)
Missiles
 k - 22 poisoned darts
 w - 3 javelins (quivered)
 D - 2 atropa-tipped darts
Armour
 f - a +0 buckler (worn)
 l - a +1 helmet (worn)
 m - a +4 chain mail of fire resistance (worn)
 r - a +0 cloak
 H - a scarf of resistance (worn)
Jewellery
 n - an amulet of magic regeneration
 o - a ring of flight
 I - a ring of protection from cold (left hand)
Wands
 c - a wand of quicksilver (3)
 p - a wand of iceblast (21)
Scrolls
 d - a scroll of fear
 h - a scroll of fog
 i - 2 scrolls of revelation
 j - a scroll of poison
 q - a scroll of teleportation
 y - 2 scrolls of immolation
Potions
 t - 3 potions of attraction
 v - 2 potions of might
 z - 2 potions of lignification
 B - 4 potions of enlightenment
 C - a potion of berserk rage
 F - 3 potions of haste


   Skills:
 + Level 9.3 Fighting
 + Level 6.5 Short Blades
 + Level 6.5 Long Blades
 + Level 6.5 Axes
 + Level 7.0 Maces & Flails
 + Level 6.5 Polearms
 + Level 6.5 Staves
 + Level 8.0 Ranged Weapons
 + Level 6.5 Throwing
 + Level 8.0 Armour
 + Level 8.0 Dodging
 + Level 6.5 Stealth
 + Level 6.5 Shields
 + Level 6.5 Unarmed Combat
 + Level 6.5 Spellcasting
 + Level 5.3 Conjurations
 + Level 5.3 Hexes
 + Level 5.3 Summonings
 + Level 5.3 Necromancy
 + Level 5.3 Translocations
 + Level 5.3 Fire Magic
 + Level 5.3 Ice Magic
 + Level 5.3 Air Magic
 + Level 5.3 Earth Magic
 + Level 5.3 Alchemy
 + Level 7.1 Invocations
 + Level 6.5 Evocations
 + Level 5.9 Shapeshifting


You had 23 spell levels left.
You didn't know any spells.
Your spell library contained the following spells:

 Spells                   Type           Power      Damage    Failure   Level
 Apportation              Tloc           22%        N/A       24%         1
 Freeze                   Ice            44%        1d6       24%         1
 Magic Dart               Conj           44%        1d5       24%         1
 Necrotise                Necr           44%        1d6       24%         1
 Sting                    Conj/Alch      44%        1d5       24%         1
 Blink                    Tloc           22%        N/A       36%         2
 Lesser Beckoning         Tloc           22%        N/A       36%         2
 Momentum Strike          Conj/Tloc      22%        3d8       36%         2
 Sublimation of Blood     Necr           11%        N/A       36%         2
 Frozen Ramparts          Ice            22%        1d4       58%         3
 Hailstorm                Conj/Ice       11%        3d6       58%         3
 Summon Small Mammal      Summ           Unusable   N/A       N/A         1
 Call Imp                 Summ           Unusable   N/A       N/A         2
 Summon Hydra             Summ           Unusable   N/A       N/A         7

Dungeon Overview and Level Annotations

Branches:
Dungeon (10/15)            Temple (0/1) D:6
   Lair: D:8-11         Orc: D:9-12

Altars:
Cheibriados
Dithmenos
Elyvilon
Gozag
Kikubaaqudgha
Okawaru
Trog
Uskayaw
Wu Jian
Yredelemnul
The Shining One

Shops:
D:1 !?


Innate Abilities, Weirdness & Mutations

You have very sharp teeth.
Your uncanny sense of smell can sniff out nearby items.
Your experience applies equally to all skills.


Message History

The large slime creature is lightly wounded.
A large slime creature splits.
The slime creature barely misses you.
You impale the slime creature!!
The slime creature is severely wounded.
Two slime creatures merge to form a large slime creature.
The slime creature hits you but does no damage.
The large slime creature hits you!! The large slime creature hits you!
A large slime creature splits.
You thump the slime creature!
The slime creature is moderately wounded.
The slime creature hits you.
Two slime creatures merge to form a large slime creature.
You impale the large slime creature!!
The large slime creature is heavily wounded.
The large slime creature misses you.
The slime creature hits you but does no damage.
The large slime creature hits you but does no damage.
You sock the large slime creature!
The large slime creature is severely wounded.
The slime creature hits you!
You block the large slime creature's attack.
The slime creature hits you but does no damage.
The large slime creature barely misses you.
You hit the slime creature.
The slime creature is moderately wounded.
The slime creature hits you but does no damage.
The large slime creature hits you!!
* * * LOW HITPOINT WARNING * * *
You block the slime creature's attack.
You impale the large slime creature!!
The large slime creature is almost dead.
The large slime creature closely misses you.
The slime creature hits you but does no damage.
You block the large slime creature's attack.
The slime creature hits you!
* * * LOW HITPOINT WARNING * * *
The large slime creature attacks as it pursues you!
The large slime creature hits you!
You die...

.... .#..... ....
....... . ....
#.[$... ..
#...##.#....∆ ...
...$.... ..
##....#
#.##.....######
.###....J##......#
.......@J........#
##>.######.......#
# #.......#
#.......#
#.#).)..#
#.#.....#
#.#.....#
#.#.....#
#######.###.###


You could see a large slime creature and a slime creature.

Vanquished Creatures
  2 two-headed ogres
  A cyclops (D:9)
  A kobold demonologist (D:8)
  A hornet (D:9)
  Sigmund (D:2)
  A slime creature (D:10)
  A wraith (D:9)
  7 yaks
  2 wyverns
  Eustachio (D:4)
  A steam dragon (D:7)
  A water moccasin (D:8)
  6 ice beasts
  5 orc warriors
  2 sky beasts (D:7)
  4 black bears
  An ogre (D:5)
  6 centaurs
  A phantom (D:2)
  2 kobold brigands (D:7)
  6 bullfrogs
  A gnoll sergeant (D:9)
  2 scorpions
  10 wights
  A water moccasin zombie (D:5)
  7 killer bees
  3 bombardier beetles
  A jelly (D:6)
  4 hounds
  6 orc priests
  4 iguanas
  A scorpion zombie (D:5)
  A sleepcap (D:7)
  10 orc wizards
  Terence (D:2)
  Robin (D:2)
  7 gnolls
  2 adders
  A shadow imp (D:7)
  2 white imps (D:7)
  4 ufetubi
  5 dart slugs
  A ribbon worm (D:2)
  43 orcs
  7 ball pythons
  7 endoplasms
  2 giant cockroaches
  17 goblins
  12 hobgoblins
  3 jackals (D:2)
  6 quokkas
  4 bats
  3 frilled lizards
  20 kobolds
  7 rats
259 creatures vanquished.

Notes
Turn   | Place    | Note
-------+----------+-------------------------------------------
     0 | D:1      | booth the Gnoll Wanderer began the quest for the Orb.
     0 | D:1      | booth set off with the following items: a +2 sling, a +0
                  | mace, a +0 scale mail, a scroll of fear.
     0 | D:1      | Reached XP level 1. HP: 23/23 MP: 1/1
   174 | D:1      | Found Loelukh's Magic Scroll Shop.
   194 | D:1      | Reached XP level 2. HP: 28/29 MP: 2/2
   470 | D:1      | Found Baqeudu's Distillery.
   559 | D:1      | Reached XP level 3. HP: 35/35 MP: 3/3
   589 | D:1      | Found a faded altar of an unknown god.
   761 | D:2      | Noticed a scorpion
   776 | D:2      | Killed a scorpion
   776 | D:2      | HP: 1/35 [poisoned by a scorpion]
   777 | D:2      | Reached skill level 1 in Short Blades
   777 | D:2      | Reached skill level 1 in Long Blades
   777 | D:2      | Reached skill level 1 in Axes
   777 | D:2      | Reached skill level 1 in Polearms
   777 | D:2      | Reached skill level 1 in Staves
   777 | D:2      | Reached skill level 1 in Throwing
   777 | D:2      | Reached skill level 1 in Stealth
   777 | D:2      | Reached skill level 1 in Shields
   777 | D:2      | Reached skill level 1 in Unarmed Combat
   777 | D:2      | Reached skill level 1 in Spellcasting
   777 | D:2      | Reached skill level 1 in Conjurations
   777 | D:2      | Reached skill level 1 in Hexes
   777 | D:2      | Reached skill level 1 in Summonings
   777 | D:2      | Reached skill level 1 in Necromancy
   777 | D:2      | Reached skill level 1 in Translocations
   777 | D:2      | Reached skill level 1 in Fire Magic
   777 | D:2      | Reached skill level 1 in Ice Magic
   777 | D:2      | Reached skill level 1 in Air Magic
   777 | D:2      | Reached skill level 1 in Earth Magic
   777 | D:2      | Reached skill level 1 in Alchemy
   777 | D:2      | Reached skill level 1 in Invocations
   777 | D:2      | Reached skill level 1 in Evocations
   777 | D:2      | Reached skill level 1 in Shapeshifting
   777 | D:2      | Reached XP level 4. HP: 2/41 MP: 5/5
  1237 | D:2      | Noticed Sigmund
  1238 | D:2      | Noticed Robin
  1254 | D:2      | Killed Robin
  1255 | D:2      | Reached XP level 5. HP: 34/47 MP: 7/7
  1260 | D:2      | Noticed Terence
  1269 | D:2      | Killed Sigmund
  1270 | D:2      | Reached skill level 5 in Ranged Weapons
  1270 | D:2      | Reached skill level 5 in Armour
  1270 | D:2      | Reached skill level 5 in Dodging
  1270 | D:2      | Reached XP level 6. HP: 23/53 MP: 7/9
  1285 | D:2      | Killed Terence
  1852 | D:3      | Found a snail-covered altar of Cheibriados.
  1896 | D:3      | Reached skill level 7 in Fighting
  1896 | D:3      | Reached XP level 7. HP: 60/60 MP: 10/10
  1971 | D:3      | HP: 2/60 [orc/+0 club (5)]
  2279 | D:3      | Found a glowing golden altar of the Shining One.
  2362 | D:3      | Found an opulent altar of Gozag.
  2365 | D:3      | Found an iron altar of Okawaru.
  2370 | D:3      | Found an ancient bone altar of Kikubaaqudgha.
  2410 | D:3      | Became a worshipper of Warmaster Okawaru
  2654 | D:1      | Bought a scroll of identify for 20 gold pieces
  2654 | D:1      | Bought 3 scrolls of identify for 60 gold pieces
  2699 | D:1      | Bought a potion of curing for 42 gold pieces
  2784 | D:4      | Noticed Eustachio
  2804 | D:4      | Killed Eustachio
  3007 | D:4      | Reached * piety under Okawaru
  3540 | D:4      | Reached XP level 8. HP: 62/67 MP: 12/12
  3991 | D:5      | Entered Level 5 of the Dungeon
  4433 | D:5      | Found a white marble altar of Elyvilon.
  4502 | D:5      | Found a hide-covered altar of Uskayaw.
  4543 | D:5      | Found an ornate altar of the Wu Jian Council.
  4554 | D:5      | Reached ** piety under Okawaru
  5130 | D:5      | Found a basalt altar of Yredelemnul.
  5297 | D:6      | Noticed a wyvern
  5313 | D:6      | HP: 1/67 [wyvern (7)]
  5317 | D:6      | Killed a wyvern
  5318 | D:6      | Reached XP level 9. HP: 6/73 MP: 12/14
  5660 | D:6      | Found a staircase to the Ecumenical Temple.
  6122 | D:6      | Reached skill level 5 in Maces & Flails
  6148 | D:6      | Found a bloodstained altar of Trog.
  6445 | D:7      | Noticed a two-headed ogre
  6509 | D:7      | Reached *** piety under Okawaru
  6525 | D:7      | Reached skill level 8 in Fighting
  6558 | D:7      | Reached skill level 5 in Invocations
  6824 | D:7      | Found a shadowy altar of Dithmenos.
  7242 | D:7      | Killed a two-headed ogre
  7243 | D:7      | Reached skill level 5 in Short Blades
  7243 | D:7      | Reached skill level 5 in Long Blades
  7243 | D:7      | Reached skill level 5 in Axes
  7243 | D:7      | Reached skill level 5 in Polearms
  7243 | D:7      | Reached skill level 5 in Staves
  7243 | D:7      | Reached skill level 5 in Throwing
  7243 | D:7      | Reached skill level 5 in Stealth
  7243 | D:7      | Reached skill level 5 in Shields
  7243 | D:7      | Reached skill level 5 in Unarmed Combat
  7243 | D:7      | Reached skill level 5 in Spellcasting
  7243 | D:7      | Reached skill level 5 in Evocations
  7243 | D:7      | Reached XP level 10. HP: 81/81 MP: 14/17
  8665 | D:8      | Noticed a kobold demonologist
  8684 | D:8      | Killed a kobold demonologist
  8861 | D:8      | Reached skill level 5 in Shapeshifting
  8864 | D:8      | Reached **** piety under Okawaru
 10099 | D:9      | Noticed a two-headed ogre
 10336 | D:9      | Killed a two-headed ogre
 10337 | D:9      | Reached skill level 9 in Fighting
 10337 | D:9      | Reached skill level 5 in Conjurations
 10337 | D:9      | Reached skill level 5 in Hexes
 10337 | D:9      | Reached skill level 5 in Summonings
 10337 | D:9      | Reached skill level 5 in Necromancy
 10337 | D:9      | Reached skill level 5 in Translocations
 10337 | D:9      | Reached skill level 5 in Fire Magic
 10337 | D:9      | Reached skill level 5 in Ice Magic
 10337 | D:9      | Reached skill level 5 in Air Magic
 10337 | D:9      | Reached skill level 5 in Earth Magic
 10337 | D:9      | Reached skill level 5 in Alchemy
 10337 | D:9      | Reached XP level 11. HP: 27/89 MP: 18/20
 11317 | D:9      | Noticed a cyclops
 11324 | D:9      | Killed a cyclops
 12050 | D:10     | Entered Level 10 of the Dungeon
 12207 | D:10     | Slain by a large slime creature

Illustrated notes

Levels and vault maps discovered:
D:1:      tarquinn_simple_flora_water_a, layout_loops_cross, serial_shops, shop,
          nicolae_shop_tiny_waterfront,
          hellmonk_ecumenical_altar_pennies_from_heaven, minmay_pentomino_s2
D:2:      layout_basic, uniq_sigmund, uniq_robin, uniq_terence
D:3:      layout_rooms, mainiacjoe_overflow_surrounded_room,
          cheibriados_altar_1, grunt_temple_overflow_diamond,
          kennysheep_generic_room_15
D:4:      layout_basic, uniq_eustachio
D:5:      black_bear_nest_1, layout_cave_pods, nicolae_wu_jian_wuxing_cycle,
          lemuel_zombie_altar_yredelemnul, elyvilon_altar_4, old_standard_altar
D:6:      layout_cave_pods, overflow_temple_1_default, minmay_temple_entry_grid,
          minmay_misc_feat_columns
D:7:      minmay_s_stair_smasher, layout_basic, amcnicky_altar_gilded,
          hangedman_decor_opposing
D:8:      layout_basic
D:9:      layout_basic, lightli_minifort
D:10:     nicolae_cairo_tiling_large_dashed, layout_basic,
          nemelex_diamond_rough_becter, enter_trove_0, enter_bailey_3

Skill      XL: |  1  2  3  4  5  6  7  8  9 10 11 |
---------------+----------------------------------+-----
Short Blades   | 1 2 3 5 6 |  6.5
Long Blades    | 1 2 3 5 6 |  6.5
Axes           | 1 2 3 5 6 |  6.5
Polearms       | 1 2 3 5 6 |  6.5
Staves         | 1 2 3 5 6 |  6.5
Throwing       | 1 2 3 5 6 |  6.5
Stealth        | 1 2 3 5 6 |  6.5
Shields        | 1 2 3 5 6 |  6.5
Unarmed Combat | 1 2 3 5 6 |  6.5
Spellcasting   | 1 2 3 5 6 |  6.5
Conjurations   | 1 2 3 4 5 |  5.3
Hexes          | 1 2 3 4 5 |  5.3
Summonings     | 1 2 3 4 5 |  5.3
Necromancy     | 1 2 3 4 5 |  5.3
Translocations | 1 2 3 4 5 |  5.3
Fire Magic     | 1 2 3 4 5 |  5.3
Ice Magic      | 1 2 3 4 5 |  5.3
Air Magic      | 1 2 3 4 5 |  5.3
Earth Magic    | 1 2 3 4 5 |  5.3
Alchemy        | 1 2 3 4 5 |  5.3
Invocations    | 1 2 3 4 5 6 7 |  7.1
Evocations     | 1 2 3 5 6 |  6.5
Shapeshifting  | 1 2 3 4 5 |  5.9
Maces & Flails | 3 4 5 6 7 |  7.0
Ranged Weapons | 5 6 7 8 |  8.0
Armour         | 5 6 7 8 |  8.0
Dodging        | 5 6 7 8 |  8.0
Fighting       | 7 8 9 |  9.3

Action                     |  1- 3 |  4- 6 |  7- 9 | 10-12 || total
---------------------------+-------+-------+-------+-------++-------
  Melee: Whip              |    20 |     3 |   188 |   240 ||   451
         Bite              |     1 |       |    20 |    49 ||    70
         Sling             |       |       |     5 |       ||     5
         Morningstar       |       |       |       |   160 ||   160
   Fire: Sling             |    47 |   113 |   300 |    98 ||   558
  Throw: Dart              |       |       |    17 |     3 ||    20
         Javelin           |       |       |     4 |    13 ||    17
 Invoke: Heroism           |       |       |     4 |     7 ||    11
    Use: Scroll            |     3 |     1 |    15 |     8 ||    27
         Potion            |     2 |       |     6 |     3 ||    11
   Stab: Distracted        |       |       |       |     1 ||     1
         Invisible         |       |       |       |     1 ||     1
 Armour: Scale mail        |    19 |    39 |   264 |       ||   322
         Chain mail        |       |       |   104 |   397 ||   501
  Dodge: Dodged            |    16 |    28 |   240 |   254 ||   538
  Block: Buckler           |     5 |    11 |    90 |   164 ||   270
